| TOP OF THE 1ST |
|
Salt Lake Bees batting - Pitching for Buffalo Bisons : RHP Zack Rust
|
|
Pitching: RHP Zack Rust
|
|
|
Batting: RHB Reginald McDougall
|
0-0: Reached on error, E3 (Groundball, 34S, EV 87.5 MPH)
|
|
Batting: RHB Guillermo Mojica
|
0-0: Ball 1-0: SINGLE (Groundball, 6MD, EV 107.5 MPH) Reginald McDougall to second
|
|
Batting: RHB Justin Lauderdale
|
0-0: Swinging Strike 0-1: Ball 1-1: Ball 2-1: Foul Ball, location: 2F 2-2: DOUBLE (Groundball, 5L, EV 104.4 MPH) Reginald McDougall scores Guillermo Mojica to third
|
|
Batting: LHB Matt Patnaude
|
0-0: Ground out 6-3 (Groundball, 6, EV 88.1 MPH) Guillermo Mojica scores Justin Lauderdale to third
|
|
Batting: SHB Mario Padron
|
0-0: Swinging Strike 0-1: Ball 1-1: Called Strike 1-2: Foul Ball, location: 2F 1-2: Strikes out swinging
|
|
Batting: RHB Jose Pineda
|
0-0: Ball 1-0: Ball 2-0: Ball 3-0: Called Strike 3-1: Foul Ball, location: 2F 3-2: Base on Balls
|
|
Batting: SHB Ivan Barry
|
0-0: Called Strike 0-1: DOUBLE (Line Drive, 7LS, EV 105.0 MPH) Justin Lauderdale scores Jose Pineda to third Runner from 3rd tries for Home, SAFE, throw by LF to home
|
|
Batting: RHB Ryan Marler
|
0-0: Foul Ball, location: 2F 0-1: Fly out, F8 (Flyball, 8LS, EV 83.8 MPH)
|
| Top of the 1st over - 4 runs, 3 hits, 1 error, 1 left on base; Salt Lake 4 - Buffalo 0 |
| BOTTOM OF THE 1ST |
|
Buffalo Bisons batting - Pitching for Salt Lake Bees : LHP Pete Zamarron
|
|
Pitching: LHP Pete Zamarron
|
|
|
Batting: RHB Danny Burnside
|
0-0: Ball 1-0: Called Strike 1-1: Ball 2-1: Called Strike 2-2: Ball 3-2: Base on Balls
|
|
Batting: RHB Jon Aguilar
|
0-0: Called Strike Danny Burnside steals 2nd base 0-1: Foul Ball, location: 2F 0-2: 2-RUN HOME RUN (Flyball, 7LD, EV 95.0 MPH), Distance : 343 ft
|
|
Batting: RHB Ryan Kinkead
|
0-0: Called Strike 0-1: Ball 1-1: SINGLE (Line Drive, 8LS, EV 99.4 MPH)
|
|
Batting: RHB Alex Ramos
|
0-0: Ball 1-0: Ball 2-0: Ball 3-0: Base on Balls Ryan Kinkead to second
|
|
Batting: LHB Josh Stuck
|
0-0: Ball 1-0: Swinging Strike 1-1: Foul Ball, location: 2F 1-2: Fly out, F8 (Flyball, 89D, EV 90.6 MPH)
|
|
Batting: RHB Mike Strey
|
0-0: Ball 1-0: SINGLE (Groundball, 6MD, EV 95.6 MPH) Ryan Kinkead to third Alex Ramos to second Runner from 3rd tries for Home, SAFE, throw by CF to home
|
|
Batting: LHB Michael Byrd
|
0-0: Swinging Strike 0-1: Ball 1-1: Foul Ball, location: 2F 1-2: Ball 2-2: Ball 3-2: Base on Balls Alex Ramos to third Mike Strey to second
|
|
Batting: RHB Tony Rosas
|
0-0: SINGLE (Line Drive, 9S, EV 91.2 MPH) Alex Ramos scores Mike Strey to third Michael Byrd to second
|
|
Batting: RHB Greg Herzig
|
0-0: Ball 1-0: Ball 2-0: Ball 3-0: Called Strike 3-1: Base on Balls Mike Strey scores Michael Byrd to third Tony Rosas to second
|
|
Pitching: LHP Carlos Toledo
|
|
|
Batting: RHB Danny Burnside
|
0-0: Fly out, F9 (Flyball, 9S, EV 72.5 MPH) Runner from 3rd tags up, SCORES, throw by RF
|
|
Batting: RHB Jon Aguilar
|
0-0: Foul Ball, location: 2F 0-1: Called Strike 0-2: Strikes out swinging
|
| Bottom of the 1st over - 6 runs, 4 hits, 0 errors, 2 left on base; Salt Lake 4 - Buffalo 6 |
| TOP OF THE 2ND |
|
Salt Lake Bees batting - Pitching for Buffalo Bisons : RHP Zack Rust
|
|
Batting: RHB David Young
|
0-0: Foul Ball, location: 2F 0-1: Ball 1-1: Ball 2-1: Ground out 5-3 (Groundball, 56, EV 109.4 MPH)
|
|
Batting: RHB Reginald McDougall
|
0-0: Ball 1-0: Ball 2-0: Fly out, F8 (Flyball, 8RD, EV 107.5 MPH)
|
|
Batting: RHB Guillermo Mojica
|
0-0: Foul Ball, location: 2F 0-1: Swinging Strike 0-2: Ball 1-2: Strikes out swinging
|
| Top of the 2nd over - 0 runs, 0 hits, 0 errors, 0 left on base; Salt Lake 4 - Buffalo 6 |
| BOTTOM OF THE 2ND |
|
Buffalo Bisons batting - Pitching for Salt Lake Bees : LHP Carlos Toledo
|
|
Batting: RHB Ryan Kinkead
|
0-0: Called Strike 0-1: Ball 1-1: Fly out, F4 (Popup, 34S, EV 72.5 MPH)
|
|
Batting: RHB Alex Ramos
|
0-0: Ball 1-0: Ball 2-0: Ball 3-0: Called Strike 3-1: Swinging Strike 3-2: Base on Balls
|
|
Batting: LHB Josh Stuck
|
0-0: Called Strike 0-1: Ball 1-1: Foul Ball, location: 2F 1-2: Foul Ball, location: 2F 1-2: DOUBLE (Groundball, 3L, EV 100.6 MPH) Alex Ramos to third
|
|
Batting: RHB Mike Strey
|
0-0: SINGLE (Line Drive, 34D, EV 94.4 MPH) Alex Ramos scores Josh Stuck to third
|
|
Batting: LHB Michael Byrd
|
0-0: Foul Ball, location: 2F 0-1: Ball 1-1: Ball 2-1: Foul Ball, location: 2F 2-2: SINGLE (Groundball, 6D, EV 103.1 MPH) Josh Stuck scores Mike Strey to second
|
|
Batting: RHB Tony Rosas
|
0-0: Foul Ball, location: 2F 0-1: Ball 1-1: DOUBLE (Line Drive, 8LXD, EV 107.5 MPH) Mike Strey scores Michael Byrd to third Runner from 3rd tries for Home, SAFE, throw by CF to home
|
|
Pitching: RHP Kirk Thacker
|
|
|
Batting: RHB Greg Herzig
|
0-0: Swinging Strike 0-1: Fly out, F5 (Line Drive, 5, EV 65.0 MPH)
|
|
Batting: RHB Danny Burnside
|
0-0: Foul Ball, location: 2F 0-1: Foul Ball, location: 2F 0-2: Ball 1-2: SINGLE (Groundball, 13S, EV 68.1 MPH) (infield hit) Tony Rosas to third
|
|
Batting: RHB Jon Aguilar
|
0-0: Ball 1-0: Foul Ball, location: 2F 1-1: Foul Ball, location: 2F 1-2: Foul Ball, location: 2F 1-2: Foul Ball, location: 2F 1-2: Foul Ball, location: 2F 1-2: Foul Ball, location: 2F 1-2: Foul Ball, location: 2F 1-2: Ball 2-2: Fly out, F9 (Flyball, 9LS, EV 84.4 MPH)
|
| Bottom of the 2nd over - 4 runs, 5 hits, 0 errors, 2 left on base; Salt Lake 4 - Buffalo 10 |
| TOP OF THE 3RD |
|
Salt Lake Bees batting - Pitching for Buffalo Bisons : RHP Zack Rust
|
|
Batting: RHB Justin Lauderdale
|
0-0: Ball 1-0: Foul Ball, location: 2F 1-1: Foul Ball, location: 2F 1-2: Ground out 4-3 (Groundball, 4MD, EV 98.8 MPH)
|
|
Batting: LHB Matt Patnaude
|
0-0: Called Strike 0-1: Ball 1-1: Called Strike 1-2: Ball 2-2: Strikes out swinging
|
|
Batting: SHB Mario Padron
|
0-0: Ball 1-0: Fly out, F6 (Popup, 6MS, EV 65.0 MPH)
|
| Top of the 3rd over - 0 runs, 0 hits, 0 errors, 0 left on base; Salt Lake 4 - Buffalo 10 |
| BOTTOM OF THE 3RD |
|
Buffalo Bisons batting - Pitching for Salt Lake Bees : RHP Kirk Thacker
|
|
Batting: RHB Ryan Kinkead
|
0-0: Called Strike 0-1: Ball 1-1: Foul Ball, location: 2F 1-2: Foul Ball, location: 2F 1-2: Ground out 5-3 (Groundball, 56S, EV 78.1 MPH)
|
|
Batting: RHB Alex Ramos
|
0-0: Ball 1-0: Foul Ball, location: 2F 1-1: Ball 2-1: Ground out 1-3 (Groundball, 13, EV 69.4 MPH)
|
|
DELAY
|
Rain delay of 70 minutes in the 3rd inning.
|
|
Batting: LHB Josh Stuck
|
0-0: Ball 1-0: Foul Ball, location: 2F 1-1: Ground out 4-3 (Groundball, 4, EV 105.6 MPH)
|
| Bottom of the 3rd over - 0 runs, 0 hits, 0 errors, 0 left on base; Salt Lake 4 - Buffalo 10 |
| TOP OF THE 4TH |
|
Salt Lake Bees batting - Pitching for Buffalo Bisons : RHP Zack Rust
|
|
Batting: RHB Jose Pineda
|
0-0: Ball 1-0: Called Strike 1-1: Called Strike 1-2: Foul Ball, location: 2F 1-2: Ball 2-2: Foul Ball, location: 2F 2-2: Ball 3-2: Ground out U3 (Groundball, 3, EV 81.2 MPH)
|
|
Batting: SHB Ivan Barry
|
0-0: Ground out U3 (Groundball, 13, EV 90.6 MPH)
|
|
Batting: RHB Ryan Marler
|
0-0: Called Strike 0-1: Ball 1-1: Ball 2-1: Fly out, F6 (Line Drive, 6, EV 70.0 MPH)
|
| Top of the 4th over - 0 runs, 0 hits, 0 errors, 0 left on base; Salt Lake 4 - Buffalo 10 |
| BOTTOM OF THE 4TH |
|
Buffalo Bisons batting - Pitching for Salt Lake Bees : RHP Kirk Thacker
|
|
Batting: RHB Mike Strey
|
0-0: Ball 1-0: Ball 2-0: Foul Ball, location: 2F 2-1: Ball 3-1: Base on Balls
|
|
Pitching: LHP Matt Barr
|
|
|
Batting: LHB Michael Byrd
|
0-0: Ball Wild Pitch! Mike Strey to second 1-0: Foul Ball, location: 2F 1-1: Ball 2-1: Foul Ball, location: 2F 2-2: Foul Ball, location: 2F 2-2: SINGLE (Line Drive, 4MD, EV 99.4 MPH) Mike Strey to third
|
|
Batting: RHB Tony Rosas
|
0-0: Ball Michael Byrd steals 2nd base (no throw) 1-0: Foul Ball, location: 2F 1-1: 3-RUN HOME RUN (Flyball, 89XD, EV 104.4 MPH), Distance : 397 ft
|
|
Batting: RHB Greg Herzig
|
0-0: Ball 1-0: Ball 2-0: Ball 3-0: Base on Balls
|
|
Batting: RHB Danny Burnside
|
0-0: Ball 1-0: Called Strike 1-1: Called Strike 1-2: Ball 2-2: Grounds into double play, 5-4-3 (Groundball, 56, EV 89.4 MPH)
|
|
Batting: RHB Jon Aguilar
|
0-0: Foul Ball, location: 2F 0-1: Foul Ball, location: 2F 0-2: Ball 1-2: Ball 2-2: Foul Ball, location: 2F 2-2: Foul Ball, location: 2F 2-2: Ball 3-2: SINGLE (Groundball, 6D, EV 101.9 MPH)
|
|
Batting: RHB Ryan Kinkead
|
0-0: Ball 1-0: Ground out 4-3 (Groundball, 4MS, EV 73.1 MPH)
|
| Bottom of the 4th over - 3 runs, 3 hits, 0 errors, 1 left on base; Salt Lake 4 - Buffalo 13 |
| TOP OF THE 5TH |
|
Salt Lake Bees batting - Pitching for Buffalo Bisons : RHP Zack Rust
|
|
Batting: RHB David Young
|
0-0: Ball 1-0: Ground out 5-3 (Groundball, 56, EV 83.8 MPH)
|
|
Pitching: RHP Fernando Torres
|
|
|
Batting: RHB Reginald McDougall
|
0-0: Ball 1-0: Ball 2-0: Foul Ball, location: 2F 2-1: Ball 3-1: Foul Ball, location: 2F 3-2: Foul Ball, location: 2F 3-2: Strikes out swinging
|
|
Batting: RHB Guillermo Mojica
|
0-0: Foul Ball, location: 2F 0-1: DOUBLE (Flyball, 8RXD, EV 105.6 MPH)
|
|
Batting: RHB Justin Lauderdale
|
0-0: Ball 1-0: Ball 2-0: Called Strike 2-1: Called Strike 2-2: Ball 3-2: Foul Ball, location: 2F 3-2: Foul Ball, location: 2F 3-2: Foul Ball, location: 2F 3-2: Base on Balls
|
|
Batting: LHB Matt Patnaude
|
0-0: Ball 1-0: Called Strike 1-1: Ball 2-1: Ground out 4-3 (Groundball, 34D, EV 100.6 MPH)
|
| Top of the 5th over - 0 runs, 1 hit, 0 errors, 2 left on base; Salt Lake 4 - Buffalo 13 |
| BOTTOM OF THE 5TH |
|
Buffalo Bisons batting - Pitching for Salt Lake Bees : LHP Matt Barr
|
|
Batting: RHB Alex Ramos
|
0-0: Ball 1-0: Foul Ball, location: 2F 1-1: Called Strike 1-2: SINGLE (Line Drive, 9LS, EV 101.9 MPH)
|
|
Batting: LHB Josh Stuck
|
0-0: Ball 1-0: Swinging Strike 1-1: Ball 2-1: Ball 3-1: Base on Balls Alex Ramos to second
|
|
Batting: RHB Mike Strey
|
0-0: Ball 1-0: SINGLE (Groundball, 6MD, EV 98.1 MPH) Alex Ramos to third Josh Stuck to second Runner from 3rd tries for Home, SAFE, throw by CF to home
|
|
Batting: LHB Michael Byrd
|
0-0: Swinging Strike 0-1: Ball 1-1: Ball 2-1: Ball 3-1: Base on Balls Josh Stuck to third Mike Strey to second
|
|
Pitching: RHP Joe Beam
|
|
|
Batting: RHB Tony Rosas
|
0-0: Foul Ball, location: 2F 0-1: Grounds into double play, 4-6-3 (Groundball, 4M, EV 85.0 MPH) Josh Stuck scores Mike Strey to third
|
|
Batting: RHB Greg Herzig
|
0-0: DOUBLE (Flyball, 8LXD, EV 110.0 MPH) Mike Strey scores
|
|
Batting: RHB Danny Burnside
|
0-0: Fly out, F9 (Line Drive, 9, EV 86.9 MPH)
|
| Bottom of the 5th over - 3 runs, 3 hits, 0 errors, 1 left on base; Salt Lake 4 - Buffalo 16 |
| TOP OF THE 6TH |
|
Salt Lake Bees batting - Pitching for Buffalo Bisons : RHP Fernando Torres
|
|
Batting: SHB Mario Padron
|
0-0: Ball 1-0: Foul Ball, location: 2F 1-1: Ball 2-1: SINGLE (Line Drive, 6D, EV 107.5 MPH)
|
|
Batting: RHB Jose Pineda
|
0-0: Foul Ball, location: 2F 0-1: Ball 1-1: Foul Ball, location: 2F 1-2: Fly out, F9 (Flyball, 9LS, EV 76.2 MPH)
|
|
Batting: SHB Ivan Barry
|
0-0: Called Strike 0-1: Fly out, F4 (Popup, 3, EV 64.4 MPH)
|
|
Batting: RHB Ryan Marler
|
0-0: Called Strike 0-1: Called Strike Mario Padron steals 2nd base 0-2: Ball 1-2: Strikes out swinging
|
| Top of the 6th over - 0 runs, 1 hit, 0 errors, 1 left on base; Salt Lake 4 - Buffalo 16 |
| BOTTOM OF THE 6TH |
|
Buffalo Bisons batting - Pitching for Salt Lake Bees : RHP Joe Beam
|
|
Batting: RHB Jon Aguilar
|
0-0: Called Strike 0-1: SINGLE (Groundball, 6MD, EV 103.1 MPH)
|
|
Batting: RHB Ryan Kinkead
|
0-0: Foul Ball, location: 2F Pickoff Throw to First - Error! E1 Jon Aguilar to second 0-1: Ground out 5-3 (Groundball, 56S, EV 85.6 MPH)
|
|
Batting: RHB Alex Ramos
|
0-0: Called Strike 0-1: Ball 1-1: Ball 2-1: Called Strike 2-2: Foul Ball, location: 2F 2-2: Ball 3-2: Strikes out swinging
|
|
Batting: LHB Josh Stuck
|
0-0: Ground out 5-3 (Groundball, 56, EV 84.4 MPH)
|
| Bottom of the 6th over - 0 runs, 1 hit, 1 error, 1 left on base; Salt Lake 4 - Buffalo 16 |
| TOP OF THE 7TH |
|
Salt Lake Bees batting - Pitching for Buffalo Bisons : RHP Fernando Torres
|
|
Batting: RHB David Young
|
0-0: Called Strike 0-1: Ground out 5-3 (Groundball, 56S, EV 81.9 MPH)
|
|
Batting: RHB Reginald McDougall
|
0-0: Called Strike 0-1: Foul Ball, location: 2F 0-2: Strikes out looking
|
|
Pinch Hitting: RHB Cesar Ortega
|
0-0: Called Strike 0-1: Called Strike 0-2: Strikes out swinging
|
| Top of the 7th over - 0 runs, 0 hits, 0 errors, 0 left on base; Salt Lake 4 - Buffalo 16 |
| BOTTOM OF THE 7TH |
|
Buffalo Bisons batting - Pitching for Salt Lake Bees : RHP Joe Beam
|
|
Now at 2B: Cesar Ortega
|
|
|
Batting: RHB Mike Strey
|
0-0: Ball 1-0: DOUBLE (Groundball, 5L, EV 103.8 MPH)
|
|
Batting: LHB Michael Byrd
|
0-0: Called Strike 0-1: Ball 1-1: Fly out, F7 (Flyball, 78D, EV 98.8 MPH)
|
|
Pinch Hitting: RHB Danny Heyer
|
0-0: Swinging Strike 0-1: Foul Ball, location: 2F 0-2: Ball 1-2: SINGLE (Groundball, 34D, EV 106.9 MPH) Mike Strey to third
|
|
Batting: RHB Greg Herzig
|
0-0: Fly out, F9 (Flyball, 9LD, EV 87.5 MPH) Runner from 3rd tags up, SCORES, throw by RF
|
|
Batting: RHB Danny Burnside
|
0-0: Ball Wild Pitch! Danny Heyer to second 1-0: Foul Ball, location: 2F 1-1: Ball 2-1: Swinging Strike 2-2: Ball 3-2: Strikes out swinging
|
| Bottom of the 7th over - 1 run, 2 hits, 0 errors, 1 left on base; Salt Lake 4 - Buffalo 17 |
| TOP OF THE 8TH |
|
Salt Lake Bees batting - Pitching for Buffalo Bisons : RHP Fernando Torres
|
|
Now at 3B: Danny Heyer
|
|
|
Batting: RHB Justin Lauderdale
|
0-0: Called Strike 0-1: Ball 1-1: Ball 2-1: Foul Ball, location: 2F 2-2: Reached on error, E6 (Groundball, 6, EV 86.9 MPH)
|
|
Pitching: LHP Josh Black
|
|
|
Pinch Hitting: LHB Tyler Meier
|
0-0: Ball 1-0: Foul Ball, location: 2F 1-1: Swinging Strike 1-2: Strikes out swinging
|
|
Batting: SHB Mario Padron
|
0-0: Ball 1-0: Swinging Strike 1-1: Fly out, F7 (Flyball, 78S, EV 88.1 MPH)
|
|
Batting: RHB Jose Pineda
|
0-0: Fly out, F4 (Line Drive, 4, EV 66.9 MPH)
|
| Top of the 8th over - 0 runs, 0 hits, 1 error, 1 left on base; Salt Lake 4 - Buffalo 17 |
| BOTTOM OF THE 8TH |
|
Buffalo Bisons batting - Pitching for Salt Lake Bees : RHP Joe Beam
|
|
Now in LF: Tyler Meier
|
|
|
Batting: RHB Jon Aguilar
|
0-0: Called Strike 0-1: Swinging Strike 0-2: Strikes out swinging
|
|
Pitching: LHP Nick Yarbrough
|
|
|
Batting: RHB Ryan Kinkead
|
0-0: Ball 1-0: Called Strike 1-1: Ball 2-1: Ball 3-1: Base on Balls
|
|
Pinch Hitting: RHB Greg Callaghan
|
0-0: Foul Ball, location: 2F 0-1: Swinging Strike 0-2: Ball 1-2: Ball 2-2: Fielders Choice at 2nd, 5-4 (Groundball, 56, EV 81.9 MPH)
|
|
Batting: LHB Josh Stuck
|
0-0: Foul Ball, location: 2F 0-1: TRIPLE (Flyball, 89XD, EV 102.5 MPH) Greg Callaghan scores
|
|
Batting: RHB Mike Strey
|
0-0: Ball 1-0: Ball 2-0: Ground out 4-3 (Groundball, 4S, EV 91.2 MPH)
|
| Bottom of the 8th over - 1 run, 1 hit, 0 errors, 1 left on base; Salt Lake 4 - Buffalo 18 |
| TOP OF THE 9TH |
|
Salt Lake Bees batting - Pitching for Buffalo Bisons : LHP Josh Black
|
|
Now at 2B: Greg Callaghan
|
|
|
Batting: SHB Ivan Barry
|
0-0: Swinging Strike 0-1: SINGLE (Groundball, 56S, EV 65.6 MPH) (infield hit)
|
|
Batting: RHB Ryan Marler
|
0-0: Called Strike 0-1: 2-RUN HOME RUN (Flyball, 7D, EV 94.4 MPH), Distance : 366 ft
|
|
Batting: RHB David Young
|
0-0: Called Strike 0-1: Called Strike 0-2: Ball 1-2: Foul Ball, location: 2F 1-2: Ball 2-2: Strikes out swinging
|
|
Batting: RHB Reginald McDougall
|
0-0: Ground out 3-1 (Groundball, 34, EV 101.9 MPH)
|
|
Batting: RHB Cesar Ortega
|
0-0: Ball 1-0: Foul Ball, location: 2F 1-1: Fly out, F7 (Flyball, 78D, EV 85.0 MPH)
|
| Top of the 9th over - 2 runs, 2 hits, 0 errors, 0 left on base; Salt Lake 6 - Buffalo 18 |
|